 Dungeon Crawl Stone Soup version 0.29.0-5-ge4962eb29e (webtiles) character file.

Game seed: 1493809391839767718

21 gazhole the Poker (level 2, -4/25 HPs)
             Began as a Minotaur Gladiator on Aug 29, 2022.
             Killed by divine providence
             ... invoked by an orc priest
              (13 damage)
             ... on level 2 of the Dungeon.
             The game lasted 00:05:21 (668 turns).

gazhole the Poker (Minotaur Gladiator)               Turns: 668, Time: 00:05:21

Health: -4/25      AC:  6    Str: 18    XL:     2   Next: 62%
Magic:  1/1        EV: 10    Int:  5    God:
Gold:   0          SH:  0    Dex: 11    Spells: 1/1 levels left

rFire   . . .      SeeInvis .   i - +0 trident (flame)
rCold   . . .      Faith    .   (no shield)
rNeg    . . .      Spirit   .   q - +0 scale mail
rPois   .          Reflect  .   c - +0 hat
rElec   .          Harm     .   (no cloak)
rCorr   .          Rampage  .   (no gloves)
Will    .....                   (no boots)
Stlth   ..........              (no amulet)
HPRegen 0.08/turn               (no ring)
MPRegen 0.07/turn               (no ring)

@: no status effects
A: horns 2, retaliatory headbutt
a: no special abilities


You were on level 2 of the Dungeon.
You visited 1 branch of the dungeon, and saw 2 of its levels.

Inventory:

Hand Weapons
 a - a +0 trident
 i - a +0 trident of flaming (weapon)
 l - a +0 mace
 m - a +0 dagger
 n - a +0 short sword
Missiles
 d - 3 throwing nets (quivered)
 e - a javelin
 o - a stone
Armour
 b - a +0 leather armour
 c - a +0 hat (worn)
 p - a +0 robe
 q - a +0 scale mail (worn)
Scrolls
 f - a scroll of poison {unknown}
 g - a scroll of teleportation {unknown}
 h - a scroll of summoning
 j - a scroll of identify {unknown}
 k - 2 scrolls of fog {unknown}


   Skills:
 + Level 2.6 Fighting
 + Level 4.1 Polearms
 + Level 2.0 Throwing
 + Level 0.8 Armour
 + Level 3.7 Dodging


You had one spell level left.
You didn't know any spells.
Your spell library was empty.

Dungeon Overview and Level Annotations

Branches:
Dungeon (2/15)

Altars:

Shops:
D:2 ?


Innate Abilities, Weirdness & Mutations

You have a pair of horns on your head.
You reflexively headbutt those who attack you in melee.


Message History

You hear a shout!
A hobgoblin comes into view.
The rat moves out of view.
The bat barely misses you.
The orc throws a boomerang of dispersal.
The boomerang of dispersal hits you but does no damage.
An orc comes into view. It is wielding a +0 dagger.
The ball python bites you but does no damage.
The ball python grabs you. The ball python constricts you.
The bat hits you but does no damage.
The ball python bites you but does no damage.
The ball python constricts you.
You hit the hobgoblin. You burn the hobgoblin.
You kill the hobgoblin!
The bat closely misses you. The ball python loses its grip on you.
The orc priest begins to cast a cantrip, but forgets the words!
You hit the ball python. You burn the ball python.
You kill the ball python!
The bat hits you but does no damage. The bat misses you.
The kobold hits you with a +0 dagger. The orc priest barely misses you.
An orc priest comes into view.
It is wielding a +0 short sword and wearing a +2 scale mail of poison resistance.
The bat closely misses you. The kobold hits you with a +0 dagger.
The orc priest calls down the wrath of Beogh upon you.
Pain shoots through your body! The rat bites you.
The rat attacks as you move away! The rat misses you. You furiously retaliate!
You headbutt the rat!
You kill the rat!
The bat hits you but does no damage.
The orc priest attacks as you move away!
The orc priest completely misses you. The bat attacks as you move away!
The bat closely misses you. The bat misses you.
The kobold throws a stone.
The stone closely misses you.
The orc priest mumbles some strange prayers to Beogh against you.
You barely resist. The bat barely misses you. You furiously retaliate!
You headbutt the bat. The bat attacks as you move away! The bat hits you. x3
The orc priest calls down the wrath of Beogh upon you.
Beogh smites you!
Ouch! That really hurt!
You die...

## #### .. .... .
..#.# ..#.###
#...... #.#... #
#@#..####.# #. #.
#b#.......#
#..#.##.#.....(.#
#.∩...Ko#.......#
.......gS.o..o..#
......†.o.......
...#........#.#.##
......#...<.......
..................


You could see an orc priest, an adder, an orc, a hobgoblin, a bat and a kobold.

Vanquished Creatures
  2 dart slugs (D:1)
  3 ball pythons
  An endoplasm (D:1)
  A hobgoblin (D:2)
  4 kobolds (D:1)
  A quokka (D:1)
  A bat (D:1)
  3 rats
16 creatures vanquished.

Notes
Turn   | Place    | Note
-------+----------+-------------------------------------------
     0 | D:1      | gazhole the Minotaur Gladiator began the quest for the Orb.
     0 | D:1      | Reached XP level 1. HP: 18/18 MP: 0/0
   166 | D:1      | Reached XP level 2. HP: 16/25 MP: 1/1
   329 | D:1      | Reached skill level 4 in Polearms
   657 | D:2      | Found Azexzi Teaxt's Magic Scroll Boutique.
   668 | D:2      | Killed from afar by an orc priest

Illustrated notes

Levels and vault maps discovered:
D:1:      psy_arrival_dodecagon, layout_loops_cross,
          shapermc_ecumenical_altar_mp_urbaneastern
D:2:      layout_basic, serial_shops, shop, dk_noncrumbling_4

Skill      XL: |  1  2 |
---------------+-------+-----
Polearms       | 4 |  4.1
Fighting       | |  2.6
Throwing       | |  2.0
Armour         | |  0.8
Dodging        | |  3.7

Action                   || total
-------------------------++-------
Melee: Trident           ||    34
       Headbutt          ||     5
  Use: Scroll            ||     1
Armor: Leather armour    ||    12
       Scale mail        ||     6
Dodge: Dodged            ||    26
